 Dungeon Crawl Stone Soup version 0.17-a0-670-g5d95ebd (webtiles) character file.

277 nubinia the Magician (level 6, -4/32 HPs)
             Began as a Deep Elf Earth Elementalist on Apr 18, 2015.
             Slain by Crazy Yiuf
             ... wielding a +3 quarterstaff of chaos
              (14 damage)
             ... on level 2 of the Dungeon.
             The game lasted 00:22:45 (3914 turns).

nubinia the Magician (Deep Elf Earth Elementalist)  Turns: 3914, Time: 00:22:45

Health: -4/32      AC:  7    Str:  5    XL:     6   Next: 4%
Magic:  1/15       EV: 13    Int: 22    God:
Gold:   178        SH:  0    Dex: 15    Spells: 4 memorised, 5 levels left

rFire  . . .     SeeInvis .     i - +0 short sword (curse)
rCold  . . .     Clarity  .     w - +2 robe
rNeg   . . .     SustAb   .     (no shield)
rPois  .         Gourm    .     e - +1 helmet
rElec  .         Spirit   .     (no cloak)
rCorr  .         Warding  .     m - +0 pair of gloves
rMut   .         Stasis   .     (no boots)
MR     .....                    (no amulet)
Stlth  ++........               (no ring)
                                (no ring)

@: very slightly contaminated, not resistant to hostile enchantments, unstealthy
A: no striking features
a: no special abilities


You were on level 2 of the Dungeon.
You were hungry.

You visited 2 branches of the dungeon, and saw 5 of its levels.

You collected 178 gold pieces.

Inventory:

Hand weapons
 i - a cursed +0 short sword (weapon)
 l - a cursed -3 flail
 n - a +4 dagger of electrocution
 A - a +1 short sword of speed
Missiles
 b - 82 stones (quivered)
 g - 15 poisoned needles
Armour
 c - a +0 robe
 e - a +1 helmet (worn)
 k - a +1 leather armour of cold resistance
 m - a +0 pair of gloves (worn)
 w - a +2 robe (worn)
Magical devices
 v - a wand of digging (16)
Scrolls
 o - a scroll of teleportation
 q - a scroll of magic mapping {unknown}
 u - a scroll of noise {unknown}
 y - a scroll of remove curse {unknown}
Potions
 h - 2 potions of degeneration
 j - a potion of heal wounds
 p - a potion of magic
 r - 2 potions of restore abilities
 t - a potion of lignification
Books
 d - a book of Geomancy

   Spells                             Type                      Level
   a - Sandblast                      Earth                        1
   b - Stoneskin                      Transmutation/Earth          2
   c - Passwall                       Transmutation/Earth          3
   d - Stone Arrow                    Conjuration/Earth            3
   e - Petrify                        Transmutation/Earth          4
   f - Lee's Rapid Deconstruction     Earth                        5
Comestibles
 a - 4 bread rations
 f - 4 meat rations
 s - 2 fruits
 x - a slice of pizza
 z - 2 chunks of flesh


   Skills:
 + Level 0.1 Fighting
 + Level 0.2 Armour
 + Level 3.4 Dodging
 + Level 2.6 Stealth
 + Level 4.8 Spellcasting
 + Level 3.5 Conjurations
 + Level 1.2 Transmutations
 + Level 4.7 Earth Magic


You had 5 spell levels left.
You knew the following spells:

 Your Spells              Type           Power        Failure   Level  Hunger
a - Sandblast             Erth           ####..       1%          1    None
b - Stone Arrow           Conj/Erth      ###...       8%          3    ##.....
c - Passwall              Trmt/Erth      ###.......   12%         3    ##.....
d - Stoneskin             Trmt/Erth      ###.....     6%          2    None


Dungeon Overview and Level Annotations

Branches:
Dungeon (4/15)             Temple (1/1) D:4

Altars:
Ashenzari
Cheibriados
Dithmenos
Elyvilon
Fedhas
Gozag
Kikubaaqudgha
Makhleb
Nemelex Xobeh
Okawaru
Qazlal
Trog
Vehumet
Xom
Zin
The Shining One

Annotations:
D:2 Crazy Yiuf


Message History

Crazy Yiuf is severely wounded.
Crazy Yiuf misses you.
Unknown command.
Unknown command.
Unknown command.
Casting: Stone Arrow
Confirm with . or Enter, or press ? or * to list all spells.
Aiming: Stone Arrow
Press: ? - help, Shift-Dir - straight line, f/p - Crazy Yiuf
Aim: Crazy Yiuf, wielding a quarterstaff of chaos and wearing a cloak (severely wounded)
The stone arrow misses Crazy Yiuf.
You are feeling hungry.
Crazy Yiuf says, "Shadow tired high!"
Crazy Yiuf hits you with a quarterstaff of chaos!
You are electrocuted!
Unknown command.
You hit Crazy Yiuf but do no damage.
Crazy Yiuf is severely wounded.
Crazy Yiuf hits you with a quarterstaff of chaos!
You die...

#..........####......
#..........# #......
##....###..# #......
#....# #..# #......
♣....♣ #### #......
♣♣...♣ #...... ♣♣.♣♣
####### ♣♣.♣ ♣@♣♣ ♣g♣
♣.♣♣ #. .. #.. #).
###


You could see Crazy Yiuf.

Vanquished Creatures
  A quasit (D:3)
  An orc priest (D:3)
  Ijyb (D:2)
  Jessica (D:3)
  Natasha (D:2)
  A worker ant (D:4)
  A gnoll (D:1)
  4 adders
  A worm (D:1)
  A giant gecko (D:3)
  5 orcs (D:3)
  6 bats
  3 giant cockroaches (D:1)
  10 goblins
  9 hobgoblins
  2 jackals (D:1)
  A ball python (D:3)
  3 giant newts
  8 kobolds
  8 rats
68 creatures vanquished.

Vanquished Creatures (others)
  An orc wizard (D:3)
  An orc (D:3)
2 creatures vanquished.

Grand Total: 70 creatures vanquished

Notes
Turn   | Place    | Note
--------------------------------------------------------------
     0 | D:1      | nubinia, the Deep Elf Earth Elementalist, began the quest for the Orb.
     0 | D:1      | Reached XP level 1. HP: 10/10 MP: 6/6
   371 | D:1      | Reached XP level 2. HP: 15/15 MP: 5/8
   376 | D:1      | Reached skill level 4 in Earth Magic
   681 | D:1      | Learned a level 2 spell: Stoneskin
   711 | D:1      | Reached XP level 3. HP: 19/19 MP: 7/10
   716 | D:1      | Learned a level 3 spell: Passwall
   720 | D:1      | Learned a level 3 spell: Stone Arrow
  1250 | D:2      | Noticed Natasha
  1291 | D:2      | Found a blossoming altar of Fedhas.
  1678 | D:2      | Noticed Ijyb
  1779 | D:2      | Killed Ijyb
  1779 | D:2      | Reached XP level 4. HP: 8/24 MP: 1/12
  2132 | D:3      | Noticed Jessica
  2371 | D:3      | Found a radiant altar of Vehumet.
  2534 | D:3      | Killed Jessica
  2534 | D:3      | Reached skill level 1 in Conjurations
  2534 | D:3      | Reached XP level 5. HP: 28/28 MP: 8/13
  3302 | D:3      | Found a glowing golden altar of the Shining One.
  3302 | D:3      | Found a stormy altar of Qazlal.
  3508 | D:4      | Found a staircase to the Ecumenical Temple.
  3519 | Temple   | Entered the Ecumenical Temple
  3800 | D:2      | Killed Natasha
  3800 | D:2      | Reached XP level 6. HP: 32/32 MP: 5/15
  3906 | D:2      | Noticed Crazy Yiuf
  3914 | D:2      | Slain by Crazy Yiuf

Action                   |  1- 3 |  4- 6 || total
-------------------------+-------+-------++-------
Melee: Short sword       |    93 |    51 ||   144
 Cast: Sandblast         |    65 |    32 ||    97
       Stoneskin         |     4 |     5 ||     9
       Stone Arrow       |       |    17 ||    17
  Use: Potion            |       |     2 ||     2
       Scroll            |       |     5 ||     5
 Stab: Sleeping          |     2 |       ||     2
       Distracted        |       |     1 ||     1
  Eat: Chunk             |     2 |     8 ||    10
